 Dungeon Crawl Stone Soup version 0.29-a0-791-ga0f254aafb (webtiles) character file.

Game seed: 7478150892393290820

84679 Malachi the Fey Demonspawn (level 15, -1/122 HPs)
             Began as a Demonspawn Fighter on July 3, 2022.
             Was a Follower of Yredelemnul.
             Splashed by a goliath frog's acid (12 damage)
             ... on level 3 of the Swamp.
             The game lasted 00:50:09 (24377 turns).

Malachi the Fey Demonspawn (Demonspawn Fighter)    Turns: 24377, Time: 00:50:10

Health: -1/122     AC: 10    Str: 21    XL:     15   Next: 35%
Magic:  22/26      EV: 16    Int:  5    God:    Yredelemnul [*.....]
Gold:   2489       SH: 13    Dex: 16    Spells: 14/14 levels left

rFire   + . .      SeeInvis +   Q - +5 demon whip (venom)
rCold   . . .      Faith    .   O - +2 buckler
rNeg    . . .      Spirit   .   X - +1 plate armour {rF+}
rPois   +          Reflect  +   a - +1 helmet "Vime" {Will+ Int-4 SInv Stlth+}
rElec   +          Harm     .   (cloak unavailable)
rCorr   .          Rampage  .   E - +0 pair of gloves
Will    +++..                   z - +2 pair of boots
Stlth   ..........              l - amulet of reflection
HPRegen 0.30/turn               b - ring of poison resistance
MPRegen 0.20/turn               c - +4 ring of evasion

@: marked, corroded, repel missiles
A: repulsion field 3, ignite blood 2, powered by death 2, weakness stinger 3,
strong-willed 1, electricity resistance
a: Renounce Religion, Recall Undead Harvest


You were on level 3 of the Swamp.
You worshipped Yredelemnul.
Yredelemnul was pleased with you.
You visited 5 branches of the dungeon, and saw 24 of its levels.
You also visited: Volcano.

You collected 2955 gold pieces.
You spent 466 gold pieces at shops.

Inventory:

Hand Weapons
 Q - a +5 demon whip of venom (weapon)
Missiles
 p - a throwing net (quivered)
 v - 5 curare-tipped darts
Armour
 a - the +1 helmet "Vime" (worn) {Will+ Int-4 SInv Stlth+}
   (You found it on level 2 of the Lair of Beasts)

   Int:       It affects your intelligence (-4).
   SInv:      It lets you see invisible.
   Will:      It increases your willpower.
   Stlth:     It makes you more stealthy.
 z - a +2 pair of boots (worn)
 E - a +0 pair of gloves (worn)
 I - a +0 tower shield
 O - a +2 buckler (worn)
 W - an orb of light
 X - a +1 plate armour of fire resistance (worn)
Jewellery
 b - a ring of poison resistance (left hand)
 c - a +4 ring of evasion (right hand)
 j - a ring of resist corrosion
 l - an amulet of reflection (around neck)
 o - a ring of flight
 B - a +6 ring of dexterity
 F - an amulet of the acrobat
 J - a ring of protection from cold
 N - the ring "Vaumnoc" {+Blink rN+ Will+ MP+9 Dex-5}
   (You found it on level 1 of the Lair of Beasts)

   [ring of magical power]

   Dex:       It affects your dexterity (-5).
   rN:        It protects you from negative energy.
   MP:        It affects your magic capacity (+9).
   +Blink:    It lets you blink.
   Will:      It increases your willpower.
 U - a ring of protection from cold
Wands
 h - a wand of mindburst (14)
 m - a wand of quicksilver (11)
 x - a wand of digging (10)
 H - a wand of roots (20)
 K - a wand of polymorph (17)
 L - a wand of paralysis (13)
 P - a wand of flame (23)
Scrolls
 i - a scroll of blinking
 n - 4 scrolls of fog
 s - 3 scrolls of immolation
 w - 4 scrolls of teleportation
 C - 9 scrolls of poison
 G - 4 scrolls of identify
 R - a scroll of summoning
 S - 5 scrolls of enchant armour
 T - 2 scrolls of fear
Potions
 d - 3 potions of might
 e - a potion of haste
 f - 6 potions of invisibility
 g - 6 potions of flight
 k - 10 potions of heal wounds
 q - 2 potions of lignification
 r - 20 potions of curing
 t - 4 potions of attraction
 u - 2 potions of resistance
 A - 4 potions of mutation
 D - 2 potions of cancellation
 M - a potion of ambrosia
 Y - 2 potions of berserk rage
Miscellaneous
 V - a condenser vane
 Z - a box of beasts


   Skills:
 - Level 12.6 Fighting
 - Level 14.5(15.2) Axes
 - Level 7.5(12.0) Maces & Flails
 - Level 10.0 Armour
 - Level 3.7 Dodging
 - Level 1.3 Stealth
 + Level 7.9 Shields
 * Level 15.1 Invocations


You had 14 spell levels left.
You didn't know any spells.
Your spell library contained the following spells:

 Spells                   Type           Power      Damage    Failure   Level
 Foxfire                  Conj/Fire      0%         2x1d4     100%        1
 Call Canine Familiar     Summ           0%         N/A       100%        3
 Conjure Flame            Conj/Fire      0%         6-21      100%        3
 Inner Flame              Hex/Fire       0%         N/A       100%        3
 Portal Projectile        Hex/Tloc       0%         N/A       100%        3
 Flame Wave               Conj/Fire      0%         2d4       100%        4
 Leda's Liquefaction      Hex/Erth       0%         N/A       100%        4


Dungeon Overview and Level Annotations

Branches:
Dungeon (12/15)            Temple (1/1) D:5            Lair (6/6) D:11
  Swamp (3/4) Lair:3       Spider (0/4) Lair:3        Slime (0/5) Lair:5
    Orc (2/2) D:12            Elf (0/3) Orc:2       Volcano (visited)

Altars:
Ashenzari
Cheibriados
Dithmenos
Fedhas
Gozag
Hepliaklqana
Kikubaaqudgha
Makhleb
Nemelex Xobeh
Okawaru
Qazlal
Ru
Sif Muna
Trog
Uskayaw
Vehumet
Wu Jian
Xom
Yredelemnul
Jiyva

Shops:
D:4 *   D:11 (   Orc:2 =*([

Portals:
Trove: D:10 (give +5 demon blade)


Innate Abilities, Weirdness & Mutations

You are surrounded by a strong repulsion field. (EV +4, RMsl)
Your demonic aura often causes spilled blood to erupt in flames.
You regenerate health from kills.
You have a sharp stinger which inflicts weakening toxins.
You are strong-willed. (Will+)
You are resistant to electric shocks. (rElec)


Message History

Your skeletal warrior hits the spriggan rider from afar with a +0 halberd!
The four-headed hydra is engulfed in blazing flames.
The four-headed hydra closely misses your goliath frog zombie.
The four-headed hydra bites your goliath frog zombie!!
The four-headed hydra barely misses your goliath frog zombie.
The four-headed hydra bites your goliath frog zombie!
The eleionoma flows through the trees.
Your goliath frog zombie misses the spriggan rider.
The swamp worm fires a harpoon shot at you.
The harpoon shot hits you.
You are yanked forward by the harpoon shot.
Splash!
You fall into the shallow water.
Moving in this stuff is going to be slow.
The spriggan rider hits you with a +0 spear!
* * * LOW HITPOINT WARNING * * *
Your ancient champion completely misses the spriggan rider.
Your skeletal warrior closely misses the spriggan rider.
The four-headed hydra is engulfed in blazing flames.
The four-headed hydra bites your goliath frog zombie!
The four-headed hydra bites your goliath frog zombie.
The four-headed hydra bites your goliath frog zombie!
The four-headed hydra barely misses your goliath frog zombie.
The spriggan rider attacks as you move away!
You block the spriggan rider's attack.
A swamp worm comes into view.
Your ancient champion misses the spriggan rider.
You block the eleionoma's attack.
Your goliath frog zombie hits the four-headed hydra!!
The spriggan rider completely misses you.
The spriggan rider blocks your skeletal warrior's attack.
The four-headed hydra is engulfed in blazing flames.
The four-headed hydra bites your goliath frog zombie. x2
The four-headed hydra bites your goliath frog zombie! x2
Your ancient champion splashes around in the water.
The goliath frog hits you from afar!
* * * LOW HITPOINT WARNING * * *
The acid corrodes you!
You are splashed with acid!
You die...
Your body rises from the dead as a mindless zombie.

..♣♣♣ ...≈ ♣♣
≈≈.♣♣>♣♣
≈≈≈...♣ .<≈≈.♣
.≈≈≈♣ ♣♣...♣
♣R@z.♣ ♣ ♣♣
♣≈wz☼♣
.≈♣♣≈♣♣♣FiZ♣
♣≈i(.§♣≈iD♣♣
♣.≈≈.>.ww♣♣
♣♣♣♣.≈≈ww≈≈≈♣
♣♣≈♣≈.w≈≈≈≈≈♣♣
....≈≈≈≈...≈♣♣
♣.≈≈≈D≈≈≈≈.≈.♣


You could see an eleionoma, a four-headed hydra (ally target), 2 spriggan
riders, a goliath frog (strong), 3 swamp worms, a friendly ancient champion
(summoned, fast), a friendly skeletal warrior (summoned) and a friendly goliath
frog zombie.

Vanquished Creatures
  Jorgrun (Swamp:2)
  A fenstrider witch (Swamp:1)
  Louise (Swamp:2)
  A stone giant (Volcano)
  An eleionoma (Swamp:2)
  6 bunyips
  Erolcha (D:10)
  2 ghost crabs
  5 hydras
  2 boulder beetles (Lair:6)
  A catoblepas (Lair:6)
  6 alligators
  4 death yaks (Lair:6)
  4 two-headed ogres
  2 orc high priests (Orc:2)
  Sonja (Lair:1)
  Nergalle (Lair:3)
  The ghost of Gargoyl the Cleaver, a novice GrBe of Trog (Lair:1)
  4 spriggan druids
  A goliath frog (Swamp:1)
  A spriggan rider (Swamp:1)
  A bog body (Swamp:1)
  An obsidian statue (Volcano)
  A swamp dragon (Swamp:2)
  A lindwurm (Lair:6)
  An orc knight (Orc:2)
  Pikel (D:8)
  An ugly thing (D:12)
  A cyclops (D:12)
  A will-o-the-wisp (Swamp:2)
  7 elephants
  4 black mambas
  A kobold demonologist (D:11)
  10 cane toads
  A gargoyle (Volcano)
  An orange demon (D:8)
  2 rime drakes
  4 komodo dragons
  A troll (Orc:2)
  A hornet (D:8)
  4 tyrant leeches
  16 blink frogs
  2 polar bears
  Sigmund (D:4)
  6 wyverns
  6 fire bats (Volcano)
  2 wraiths
  41 yaks
  A human (D:5)
  A fire elemental (Volcano)
  4 basilisks
  Menkaure (D:7)
  2 steam dragons
  2 vampire mosquitoes (Swamp:1)
  3 wargs (Orc:2)
  A fire bat zombie (Volcano)
  4 swamp worms
  An acid dragon (D:12)
  A cane toad zombie (Lair:5)
  10 water moccasins
  A swamp drake (Swamp:2)
  28 orc warriors
  3 ice beasts
  3 black bears
  4 ogres
  A sky beast (D:7)
  The ghost of gabibbone the Shooter, an amateur MiHu (D:3)
  8 wolves
  A blink frog zombie (Lair:3)
  3 centaurs
  A phantom (D:6)
  2 lemures (D:8)
  4 kobold brigands
  15 bullfrogs
  2 gnoll sergeants
  An earth elemental (Volcano)
  A wyvern zombie (Lair:6)
  3 necrophages
  5 scorpions
  9 wights
  A yak zombie (Lair:4)
  23 killer bees
  6 howler monkeys
  2 wolf zombies
  3 electric eels
  5 lava snakes (Volcano)
  A crimson imp (D:3)
  6 hounds
  6 jellies
  7 bullfrog zombies
  4 quasits (D:6)
  A bouda (D:7)
  12 orc priests
  An iguana (D:4)
  19 orc wizards
  2 killer bee zombies
  A howler monkey zombie (D:12)
  26 gnolls
  7 adders
  A shadow imp (D:7)
  3 ufetubi (D:5)
  A jelly zombie (D:7)
  A worm (D:2)
  A dart slug (D:2)
  71 orcs
  12 ball pythons
  9 bats
  7 endoplasms
  3 giant cockroaches
  A gnoll zombie (D:7)
  11 goblins
  9 hobgoblins
  2 jackals (D:3)
  5 quokkas
  3 frilled lizards
  A goblin skeleton (D:3)
  3 hobgoblin zombies (D:3)
  14 kobolds
  2 kobold skeletons
  An orc skeleton (D:3)
  12 orc zombies
  8 rats
607 creatures vanquished.

Vanquished Creatures (collateral kills)
  An orc warlord (Orc:2)
  A ghost crab (Swamp:2)
  An alligator (Swamp:1)
  A deep troll shaman (Lair:6)
  A death yak (Lair:6)
  Amaemon (D:8)
  2 goliath frogs
  2 swamp dragons
  A wolf spider (Lair:3)
  2 orc sorcerers (Orc:2)
  3 orc knights (Orc:2)
  A will-o-the-wisp (Swamp:2)
  An elephant (Lair:4)
  3 cane toads
  A torpor snail (Lair:4)
  A rime drake (Lair:5)
  An efreet (Volcano)
  The ghost of PentaManta the Basher, a novice GrBe of Trog (D:6)
  2 komodo dragons
  A tyrant leech (Swamp:1)
  A polar bear (Lair:1)
  A troll (D:10)
  2 blink frogs
  Eustachio (D:6)
  A basilisk (Lair:4)
  A fire bat (Volcano)
  5 yaks
  2 vampire mosquitoes (Swamp:1)
  2 swamp worms
  2 acid dragons
  2 water moccasins
  3 black bears
  7 orc warriors (Orc:2)
  A swamp drake (Lair:5)
  2 wolves (Lair:3)
  2 bullfrogs
  3 wights (D:8)
  2 killer bees (D:9)
  2 orc wizards
  4 hell rats (Lair:1)
  6 orcs
  A kobold (D:11)
  A bush (Lair:6)
  A butterfly (Swamp:2)
83 creatures vanquished.

Vanquished Creatures (others)
  A bunyip zombie (Swamp:1)
  An ugly thing zombie (D:12)
  A stone giant zombie (Volcano)
  2 swamp worm zombies (Swamp:1)
  A bloated husk (Swamp:1)
  A hornet (Swamp:3)
  An alligator zombie (Swamp:1)
  A spriggan (Swamp:3)
  A spriggan zombie (Swamp:1)
  A tyrant leech zombie (Swamp:2)
  A swamp worm (Swamp:2)
  2 cane toad zombies
  A fire bat zombie (Volcano)
  A hornet zombie (D:8)
  A swamp dragon zombie (Swamp:2)
  A vampire mosquito zombie (Swamp:1)
  A rime drake zombie (Lair:5)
  2 water moccasin zombies (Lair:4)
  A warg zombie (Orc:2)
  7 yak zombies
  2 bullfrog zombies
  A basilisk zombie (Lair:4)
  A scorpion zombie (D:6)
  3 killer bee zombies
  An ogre zombie (Orc:2)
  A hell rat zombie (Lair:1)
  A howler monkey zombie (D:12)
  A spectral electric eel (Lair:1)
  A human zombie (D:6)
  2 swamp drake zombies
  A lava snake zombie (Volcano)
  An orc (Orc:1)
  A gnoll zombie (D:10)
  2 kobold zombies (D:9)
  15 orc zombies
  5 foxfires
  81 fungi
  87 plants
236 creatures vanquished.

Grand Total: 926 creatures vanquished

Notes
Turn   | Place    | Note
-------+----------+-------------------------------------------
     0 | D:1      | Malachi the Demonspawn Fighter began the quest for the Orb.
     0 | D:1      | Reached XP level 1. HP: 18/18 MP: 1/1
   178 | D:1      | Gained mutation: Your demonic aura sometimes causes spilled
                  | blood to erupt in flames. [demonic ancestry]
   178 | D:1      | Reached XP level 2. HP: 24/24 MP: 2/2
   923 | D:1      | Gained mutation: You have a small tail. [demonic ancestry]
   923 | D:1      | Reached XP level 3. HP: 29/29 MP: 3/3
  1302 | D:2      | Noticed a necrophage
  1325 | D:2      | Killed a necrophage
  1326 | D:2      | Reached XP level 4. HP: 28/35 MP: 4/4
  2232 | D:3      | Gained mutation: You regenerate a little health from kills.
                  | [demonic ancestry]
  2232 | D:3      | Reached XP level 5. HP: 30/41 MP: 5/5
  2312 | D:3      | Reached skill level 5 in Axes
  2427 | D:3      | Found a shimmering blue altar of Sif Muna.
  2572 | D:3      | Noticed an angel
  2649 | D:3      | Found a transporter.
  2650 | D:3      | Noticed gabibbone's ghost (amateur MiHu)
  2652 | D:3      | Found a transporter.
  2706 | D:3      | Reached XP level 6. HP: 47/47 MP: 6/6
  2751 | D:3      | Killed gabibbone's ghost
  3163 | D:4      | Reached XP level 7. HP: 44/52 MP: 7/7
  3190 | D:4      | Found Fadips's Overcharged Wands.
  3542 | D:4      | Noticed Sigmund
  3556 | D:4      | Killed Sigmund
  4137 | D:5      | Entered Level 5 of the Dungeon
  4162 | D:5      | Found a staircase to the Ecumenical Temple.
  4172 | D:5      | Reached XP level 8. HP: 57/58 MP: 8/8
  4181 | Temple   | Entered the Ecumenical Temple
  5192 | D:5      | Reached skill level 10 in Axes
  5198 | D:5      | Found a runed translucent door.
  5202 | D:5      | Found a basalt altar of Yredelemnul.
  5242 | D:5      | Became a worshipper of Yredelemnul the Dark
  5481 | D:6      | Found a broken altar of Ashenzari.
  5658 | D:6      | Noticed Eustachio
  5664 | D:6      | Reached * piety under Yredelemnul
  5675 | D:6      | Killed Eustachio
  5676 | D:6      | Gained mutation: You have a tail ending in a sharp stinger.
                  | [demonic ancestry]
  5676 | D:6      | Reached XP level 9. HP: 54/63 MP: 9/9
  5692 | D:6      | HP: 2/63 [orc warrior/+0 morningstar (7)]
  5700 | D:6      | Your ally Eustachio died
  5956 | D:6      | Found an opulent altar of Gozag.
  5979 | D:6      | Noticed PentaManta's ghost (novice GrBe)
  5987 | D:6      | Found a transporter.
  6011 | D:6      | Found a transporter.
  6082 | D:6      | Killed PentaManta's ghost
  6367 | D:6      | Identified a scroll of acquirement
  6367 | D:6      | Acquired 611 gold pieces
  6541 | D:6      | Reached skill level 1 in Stealth
  6749 | D:6      | Reached ** piety under Yredelemnul
  7286 | D:7      | Noticed Menkaure
  7291 | D:7      | Killed Menkaure
  7292 | D:7      | Reached skill level 1 in Invocations
  7369 | D:7      | Found a hide-covered altar of Uskayaw.
  7406 | D:7      | Found a stormy altar of Qazlal.
  7613 | D:7      | Reached skill level 2 in Invocations
  7650 | D:7      | Reached *** piety under Yredelemnul
  7688 | D:7      | Reached **** piety under Yredelemnul
  8082 | D:8      | Gained mutation: You are surrounded by a mild repulsion
                  | field. (EV +2) [demonic ancestry]
  8082 | D:8      | Reached XP level 10. HP: 49/70 MP: 11/11
  8337 | D:8      | Reached skill level 3 in Invocations
  8633 | D:8      | Identified the +1 leather armour "Liewuu" {Str+6 Stlth-}
  8786 | D:8      | Found a sacrificial altar of Ru.
  9099 | D:8      | Noticed Amaemon
  9099 | D:8      | Noticed an orange demon
  9108 | D:8      | Killed an orange demon
  9115 | D:8      | Killed Amaemon
  9116 | D:8      | Reached skill level 4 in Invocations
  9476 | D:8      | Noticed Pikel
  9488 | D:8      | Killed Pikel
  9489 | D:8      | Reached skill level 5 in Invocations
  9906 | D:8      | Gained mutation: Your mind is acute. (Int +4, Str/Dex -1)
                  | [potion of mutation]
  9906 | D:8      | Gained mutation: Your mind is very acute. (Int +8, Str/Dex
                  | -2) [potion of mutation]
  9907 | D:8      | Lost mutation: Your mind is very acute. (Int +8, Str/Dex
                  | -2) [potion of mutation]
  9907 | D:8      | Lost mutation: Your mind is acute. (Int +4, Str/Dex -1)
                  | [potion of mutation]
  9907 | D:8      | Gained mutation: You are strong-willed. (Will+) [potion of
                  | mutation]
  9907 | D:8      | Gained mutation: You are resistant to electric shocks.
                  | (rElec) [potion of mutation]
 10186 | D:9      | Noticed a two-headed ogre
 10196 | D:9      | Killed a two-headed ogre
 10197 | D:9      | Gained mutation: You are surrounded by a moderate repulsion
                  | field. (EV +3) [demonic ancestry]
 10197 | D:9      | Reached XP level 11. HP: 76/76 MP: 15/15
 10228 | D:9      | Reached skill level 6 in Invocations
 10421 | D:9      | Noticed a two-headed ogre
 10430 | D:9      | Killed a two-headed ogre
 11138 | D:10     | Entered Level 10 of the Dungeon
 11140 | D:10     | Found an iron altar of Okawaru.
 11153 | D:10     | Found a portal to a secret trove of treasure.
 11472 | D:10     | Reached skill level 5 in Fighting
 11496 | D:10     | Reached skill level 5 in Shields
 12049 | D:10     | Noticed Erolcha
 12059 | D:10     | Killed Erolcha
 12076 | D:10     | Reached skill level 5 in Armour
 12090 | D:10     | Identified the amulet of Light {Faith Int+7}
 12236 | D:11     | Found a staircase to the Lair.
 12535 | D:11     | Reached skill level 1 in Maces & Flails
 12647 | D:11     | Noticed a five-headed hydra
 12655 | D:11     | Killed a five-headed hydra
 12991 | D:11     | Found Hulaop's Weapon Shoppe.
 13283 | D:12     | Found a staircase to the Orcish Mines.
 13314 | D:12     | Noticed a brown ugly thing
 13328 | D:12     | Killed a brown ugly thing
 13329 | D:12     | Reached skill level 5 in Maces & Flails
 13336 | D:12     | Gained mutation: You regenerate health from kills. [demonic
                  | ancestry]
 13336 | D:12     | Reached XP level 12. HP: 80/87 MP: 16/16
 13725 | D:12     | Noticed a two-headed ogre
 13733 | D:12     | Killed a two-headed ogre
 14043 | Lair:1   | Entered Level 1 of the Lair of Beasts
 14318 | Lair:1   | Reached skill level 7 in Invocations
 14351 | Lair:1   | Found a runed translucent door.
 14352 | Lair:1   | Noticed Gargoyl's ghost (novice GrBe)
 14392 | Lair:1   | Killed Gargoyl's ghost
 14398 | Lair:1   | Identified the ring "Vaumnoc" {+Blink rN+ Will+ MP+9 Dex-5}
 14481 | Lair:1   | Noticed Sonja
 14488 | Lair:1   | Killed Sonja
 14791 | Lair:1   | Reached skill level 8 in Invocations
 14855 | Lair:2   | Reached skill level 1 in Dodging
 15068 | Lair:2   | Identified the +1 helmet "Vime" {Will+ Int-4 SInv Stlth+}
 15257 | Lair:2   | Reached skill level 9 in Invocations
 15583 | Lair:3   | Found a hole to the Spider Nest.
 15588 | Lair:3   | Reached ***** piety under Yredelemnul
 15612 | Lair:3   | Gained mutation: You have a sharp stinger which inflicts
                  | weakening toxins. [demonic ancestry]
 15612 | Lair:3   | Reached XP level 13. HP: 67/97 MP: 20/20
 15616 | Lair:3   | Reached skill level 10 in Invocations
 15828 | Lair:3   | Noticed Nergalle
 15833 | Lair:3   | Killed Nergalle
 15867 | Lair:3   | Found a staircase to the Swamp.
 16004 | Lair:4   | Found a dark tunnel.
 16013 | Volcano  | Entered a volcano
 16195 | Volcano  | Noticed a stone giant
 16204 | Volcano  | Found a radiant altar of Vehumet.
 16220 | Volcano  | Killed a stone giant
 16726 | Lair:4   | Reached skill level 11 in Invocations
 17125 | Lair:4   | Found a runed translucent door.
 17218 | Lair:4   | Reached skill level 10 in Fighting
 17666 | Swamp:1  | Entered Level 1 of the Swamp
 18247 | Lair:5   | Found a viscous altar of Jiyva.
 18247 | Lair:5   | Found a staircase to the Slime Pits.
 18266 | Lair:6   | Entered Level 6 of the Lair of Beasts
 18465 | Lair:6   | Gained mutation: You are surrounded by a strong repulsion
                  | field. (EV +4, RMsl) [demonic ancestry]
 18465 | Lair:6   | Reached XP level 14. HP: 111/111 MP: 22/22
 18479 | Lair:6   | Reached skill level 12 in Invocations
 19049 | Lair:6   | Reached ****** piety under Yredelemnul
 19283 | Lair:6   | Identified the ring of Qoraeled {rF+ Int+6}
 19571 | Orc:1    | Entered Level 1 of the Orcish Mines
 19826 | Orc:2    | Entered Level 2 of the Orcish Mines
 19904 | Orc:2    | Found Ymoibopn's General Store.
 20054 | Orc:2    | Found a staircase to the Elven Halls.
 20057 | Orc:2    | Found Attad's Antique Armour Shoppe.
 20136 | Orc:2    | Found Ahowk's Antique Weapon Boutique.
 20367 | Orc:2    | Noticed an orc warlord
 20386 | Orc:2    | Killed an orc warlord
 20432 | Orc:2    | Found Zeafui's Jewellery Boutique.
 20709 | Orc:2    | Bought 2 potions of heal wounds for 110 gold pieces
 20709 | Orc:2    | Bought a potion of curing for 33 gold pieces
 20766 | Orc:2    | Bought a twisted chain mail for 323 gold pieces
 20766 | Orc:2    | Identified the +1 chain mail of Satisfaction {Fly Str+2}
                  | (You bought it in a shop on level 2 of the Orcish Mines)
 21505 | Swamp:1  | Reached skill level 13 in Invocations
 21842 | Lair:3   | Reached skill level 10 in Armour
 22664 | Swamp:1  | Noticed a fenstrider witch
 22672 | Swamp:1  | Killed a fenstrider witch
 22673 | Swamp:1  | Reached skill level 14 in Invocations
 22999 | Swamp:2  | Gained mutation: Your demonic aura often causes spilled
                  | blood to erupt in flames. [demonic ancestry]
 22999 | Swamp:2  | Reached XP level 15. HP: 77/122 MP: 25/25
 23455 | Swamp:2  | Noticed Jorgrun
 23472 | Swamp:2  | Killed Jorgrun
 23840 | Swamp:2  | Noticed Louise
 23858 | Swamp:2  | Killed Louise
 24352 | Swamp:3  | Reached skill level 15 in Invocations
 24377 | Swamp:3  | Splashed by a goliath frog's acid

Illustrated notes

Levels and vault maps discovered:
D:1:      dpeg_arrival_rooms_b, layout_loops_ring
D:2:      layout_basic, minmay_pentomino_z4
D:3:      layout_loops_ring, zin_angel, nicolae_overflow_crystal_walls,
          nicolae_tso_besieged_by_evil, gammafunk_ghost_arena,
          grunt_ministairs_8
D:4:      layout_loops_ring, nicolae_shop_overcharged_wands, uniq_sigmund
D:5:      layout_rooms, dk_yredelemnul_ordeal,
          minmay_temple_entry_statues_pillars
D:6:      layout_gridville, ashenzari_conservatory_becter,
          nicolae_gozag_cash_rules_everything_around_me, serial_bayou,
          serial_bayou_shore_b, serial_bayou_crossing, serial_bayou_shore_b,
          serial_bayou_pond_e, serial_bayou_pond_d, serial_bayou_pond_a,
          gammafunk_ghost_stat_death, mrwooster_statue_mirror, uniq_eustachio
D:7:      layout_basic, nicolae_uskayaw_dance_hall,
          mainiacjoe_overflow_six_doors_small, uniq_menkaure
D:8:      layout_loops_corners, nicolae_ru_sacrificial_ziggurat, uniq_pikel,
          uniq_amaemon
D:9:      layout_roguey
D:10:     layout_loops_cross, okawaru_gym_becter, nicolae_trove_entry_crystal,
          serial_glass, glass_columns_a, glass_columns_a, uniq_erolcha
D:11:     layout_loops_ring, grunt_lair_entry_orc_guard_hut, serial_shops,
          nicolae_shop_bloodbath_and_beyond
D:12:     layout_irregular_city, david_orc_3
Temple:   chequers_temple_sunken
Lair:1:   layout_chaotic_city, ebering_ghost_inner_flame,
          infiniplex_staircase_pool, uniq_sonja
Lair:2:   layout_gridlike
Lair:3:   layout_misc_corridors, swamp_mist, spider_nest_entry_rubble,
          lemuel_old_faithful, uniq_nergalle
Lair:4:   layout_roguey, nicolae_volcano_entry_two_sided, pf_torpor_hydra,
          grunt_megastairs_3
Lair:5:   layout_long_grid, dpeg_slime_entry_enclosed,
          nicolae_quartered_pool_little, st_stairs_12, guppyfry_lair_drakes,
          serial_bayou_shore_a
Lair:6:   grunt_lair_end_beastmaster, layout_small_grid, serial_bayou_pond_a,
          serial_bayou_shore_b
Swamp:1:  layout_basic_swamp, hangedman_swamp_ruin_wall
Swamp:2:  layout_basic_swamp, nicolae_swamp_feature_on_the_river_bank,
          swamp_pool3, nicolae_swamp_frolicking_bunyips, uniq_louise,
          uniq_jorgrun
Swamp:3:  layout_basic_swamp, infiniplex_staircase_pool_2
Orc:1:    layout_caves
Orc:2:    grunt_orc_gardens, layout_diamond_mine, grunt_orc_garden,
          grunt_orc_garden, grunt_orc_garden, grunt_orc_garden

Skill      XL: |  1  2  3  4  5  6  7  8  9 10 11 12 13 14 15 |
---------------+----------------------------------------------+-----
Axes           | 2 3 4 5 6 8 10 13 14 | 14.5
Stealth        | 1 |  1.3
Invocations    | 2 5 6 9 11 14 15 | 15.1
Shields        | 3 5 6 7 |  7.9
Fighting       | 5 7 10 12 | 12.6
Armour         | 5 6 8 10 | 10.0
Maces & Flails | 5 7 |  7.5
Dodging        | 2 3 |  3.7

Action                   |  1- 3 |  4- 6 |  7- 9 | 10-12 | 13-15 || total
-------------------------+-------+-------+-------+-------+-------++-------
Melee: War axe           |   106 |   148 |    52 |       |       ||   306
       Tailslap          |     4 |    20 |    55 |   111 |   204 ||   394
       Hand axe          |       |       |   379 |   369 |       ||   748
       Demon whip        |       |       |       |   308 |   963 ||  1271
Invok: Dark Bargain      |       |       |     2 |       |    13 ||    15
       Recall Undead Har |       |       |     1 |       |     1 ||     2
Evoke: Wand              |       |       |       |     6 |     3 ||     9
  Use: Scroll            |       |     6 |     4 |    12 |     5 ||    27
       Potion            |       |       |     4 |     8 |     3 ||    15
 Stab: Distracted        |       |       |     6 |     5 |     8 ||    19
       Invisible         |       |       |     1 |       |       ||     1
       Petrified         |       |       |       |       |     9 ||     9
Armor: Scale mail        |    10 |       |       |       |       ||    10
       Chain mail        |    51 |    88 |   174 |   124 |   155 ||   592
       Plate armour      |       |       |       |       |   103 ||   103
Dodge: Dodged            |    36 |    26 |    86 |   161 |   445 ||   754
       Repelled          |       |       |       |       |     6 ||     6
Block: Buckler           |    21 |    49 |   147 |   262 |   517 ||   996
       Reflection        |       |     1 |     1 |     5 |    14 ||    21

Table legend: (Time is in decaauts)
 A = Elapsed time spent in this place.
 B = Non-inter-level travel time spent in this place.
 C = Inter-level travel time spent in this place.
 D = Time resting spent in this place.
 E = Time spent auto-exploring this place.
 F = Levels seen in this place.
 G = Mean time per level.
                   A        B        C        D        E       F      G
               +--------+--------+--------+--------+--------+-----+--------+
         Total |  23819 |  22529 |   1290 |   3416 |  14498 |  25 |  952.8 |
       Dungeon |  13904 |  13197 |    707 |   1518 |   9222 |  12 | 1158.7 |
        Temple |    233 |    229 |      4 |      0 |    221 |   1 |  233.0 |
          Lair |   5988 |   5592 |    396 |   1329 |   3332 |   6 |  998.0 |
         Swamp |   2004 |   1921 |     83 |    381 |    959 |   3 |  668.0 |
  Orcish Mines |   1130 |   1032 |     98 |      0 |    738 |   2 |  565.0 |
       Volcano |    558 |    558 |      0 |    188 |     24 |   1 |  558.0 |
               +--------+--------+--------+--------+--------+-----+--------+

Top non-repeatable levels by time:
  Lair:3: 1925 daAuts
     D:8: 1877 daAuts
     D:6: 1730 daAuts
     D:9: 1192 daAuts
    D:11: 1191 daAuts
 Swamp:2: 1158 daAuts
  Lair:6: 1128 daAuts
     D:1: 1099 daAuts
     D:3: 1070 daAuts
    D:10: 1065 daAuts
     D:2: 1052 daAuts
     D:7: 1049 daAuts
     D:4: 1003 daAuts
   Orc:2: 901 daAuts
  Lair:1: 866 daAuts
